 Dungeon Crawl Stone Soup version 0.23.2-40-g277498a (webtiles) character file.

Game seed: 6100588206469223769

174803 zhovat1 the Warrior (level 18, -27/166 HPs)
             Began as a Hill Orc Fighter on Aug 20, 2019.
             Was a Follower of Uskayaw.
             Killed from afar by a crystal guardian (44 damage)
             ... with a crystal bolt
             ... on level 3 of the Elven Halls.
             The game lasted 00:51:59 (39767 turns).

zhovat1 the Warrior (Hill Orc Fighter)             Turns: 39767, Time: 00:52:00

Health: -27/166    AC: 33    Str: 29    XL:     18   Next: 8%
Magic:  9/9        EV: 11    Int:  7    God:    Uskayaw [*.....]
Gold:   1071       SH: 20    Dex: 11    Spells: 17/17 levels left

rFire    . . .     SeeInvis .   L - +5 demon whip "Spellbinder" {antimagic, MR+}
rCold    . . .     Gourm    .   r - +0 large shield
rNeg     + + .     Faith    .   J - +8 chain mail of Ishyfir {rN+}
rPois    +         Spirit   .   N - +2 helmet "Jegg" {MR++}
rElec    .         Reflect  .   u - +2 ratskin cloak {+Rats rPois rN+ Str-1 Int-1 Dex+1}
rCorr    .         Harm     +   k - +2 pair of gloves {Str+3}
MR       +++++                  (no boots)
Stlth    ..........             a - amulet of harm
HPRegen  0.37/turn              l - +2 ring of protection
MPRegen  0.11/turn              s - ring of protection from magic

@: no status effects
A: no striking features
a: Stomp, Renounce Religion, Evoke Ratskin


You were on level 3 of the Elven Halls.
You worshipped Uskayaw.
Uskayaw was pleased with you.
You were hungry.

You visited 5 branches of the dungeon, and saw 27 of its levels.

You collected 2367 gold pieces.
You spent 1296 gold pieces at shops.

Inventory:

Hand Weapons
 D - the +0 eveningstar of the Inferno {antimagic, rElec Dex+3}
   (You acquired it on level 1 of the Lair of Beasts)

   It reduces the magical energy of the wielder, and disrupts the spells and
   magical abilities of those hit.
   Natural abilities and divine invocations are not affected.
   It affects your dexterity (+3).
   It insulates you from electricity.
 L - the +5 demon whip "Spellbinder" (weapon) {antimagic, MR+}
   (You bought it in a shop on level 1 of the Elven Halls)

   It reduces the magical energy of the wielder, and disrupts the spells and
   magical abilities of those hit.
   Natural abilities and divine invocations are not affected.
   It affects your resistance to hostile enchantments.
Armour
 c - the +4 scale mail of Indomitability {rElec rC- rN+ Regen+}
   (You found it on level 13 of the Dungeon)

   It makes you vulnerable to cold.
   It insulates you from electricity.
   It protects you from negative energy.
   It increases your rate of regeneration.
 k - a +2 pair of gloves of strength (worn)
 r - a +0 large shield (worn)
 u - the +2 ratskin cloak (worn) {+Rats rPois rN+ Str-1 Int-1 Dex+1}
   (You found it on level 7 of the Dungeon)

   It affects your strength (-1).
   It affects your intelligence (-1).
   It affects your dexterity (+1).
   It protects you from poison.
   It protects you from negative energy.
 C - a +2 crystal plate armour
 J - the +8 chain mail of Ishyfir (worn) {rN+}
   (You found it on level 1 of the Orcish Mines)

   It protects you from negative energy.
 N - the +2 helmet "Jegg" (worn) {MR++}
   (You bought it in a shop on level 2 of the Orcish Mines)

   It affects your resistance to hostile enchantments.
 O - a cursed +0 cloak
 P - a scarf of resistance
Jewellery
 a - an amulet of harm (around neck)
 h - an uncursed ring of see invisible {unknown}
 l - a +2 ring of protection (left hand)
 s - a ring of protection from magic (right hand)
 E - an uncursed ring of protection from fire
 F - an uncursed ring of ice {unknown}
 G - an uncursed ring of poison resistance {unknown}
Wands
 g - a wand of random effects (11)
 j - a wand of clouds (8)
 m - a wand of acid (7)
 n - a wand of enslavement (11)
 w - a wand of polymorph (28)
 x - a wand of paralysis (16)
 y - a wand of iceblast (11)
 M - a wand of flame (10)
Scrolls
 d - 7 scrolls of teleportation
 e - 7 scrolls of remove curse
 o - 5 scrolls of blinking
 p - 5 scrolls of magic mapping
 q - 5 scrolls of amnesia
 z - 2 scrolls of fear
 B - 3 scrolls of enchant weapon
Potions
 b - 3 potions of haste
 i - 2 potions of flight
 t - 2 potions of magic
 A - a potion of ambrosia
 H - a potion of cancellation
 I - a potion of heal wounds
Miscellaneous
 v - a lightning rod (4/4)
Comestibles
 f - 26 rations


   Skills:
 * Level 16.2 Fighting
 - Level 16.0 Maces & Flails
 + Level 12.6 Armour
 + Level 9.7 Dodging
 + Level 12.7 Shields
 + Level 13.3 Invocations
 + Level 10.4 Evocations


You had 17 spell levels left.
You didn't know any spells.
Your spell library contained the following spells:

 Spells                   Type           Power        Failure   Level  Hunger
 Animate Skeleton         Necr           N/A          100%        1    ##.....
 Apportation              Tloc           #.....       100%        1    ##.....
 Confusing Touch          Hex            #.....       100%        1    ##.....
 Corona                   Hex            #......      100%        1    ##.....
 Flame Tongue             Conj/Fire      #....        100%        1    ##.....
 Magic Dart               Conj           #...         100%        1    ##.....
 Pain                     Necr           #...         100%        1    ##.....
 Shock                    Conj/Air       #...         100%        1    ##.....
 Summon Butterflies       Summ           #.......     100%        1    ##.....
 Summon Small Mammal      Summ           #...         100%        1    ##.....
 Ensorcelled Hibernation  Hex/Ice        #.....       100%        2    ###....
 Poisonous Vapours        Pois/Air       #.....       100%        2    ###....
 Searing Ray              Conj           #.....       100%        2    ###....
 Slow                     Hex            #.......     100%        2    ###....
 Throw Flame              Conj/Fire      #.....       100%        2    ###....
 Call Canine Familiar     Summ           #.......     100%        3    ####...
 Confuse                  Hex            #.......     100%        3    ####...
 Conjure Flame            Conj/Fire      #.......     100%        3    ####...
 Dazzling Spray           Conj/Hex       #.....       100%        3    ####...
 Gell's Gravitas          Tloc           #.........   100%        3    ####...
 Inner Flame              Hex/Fire       #.......     100%        3    ####...
 Mephitic Cloud           Conj/Pois/Air  #.......     100%        3    ####...
 Portal Projectile        Hex/Tloc       #.....       100%        3    ####...
 Recall                   Summ/Tloc      N/A          100%        3    ####...
 Regeneration             Chrm/Necr      #.........   100%        3    ####...
 Tukima's Dance           Hex            #.......     100%        3    ####...
 Vampiric Draining        Necr           #.........   100%        3    ####...
 Animate Dead             Necr           N/A          100%        4    #####..
 Cause Fear               Hex            #.........   100%        4    #####..
 Force Lance              Conj/Tloc      #.......     100%        4    #####..
 Fulminant Prism          Conj/Hex       #.........   100%        4    #####..
 Iskenderun's Mystic Bla  Conj           #.......     100%        4    #####..
 Leda's Liquefaction      Hex/Erth       #.........   100%        4    #####..
 Olgreb's Toxic Radiance  Pois           #.......     100%        4    #####..
 Passage of Golubria      Tloc           N/A          100%        4    #####..
 Petrify                  Tmut/Erth      #.......     100%        4    #####..
 Summon Ice Beast         Ice/Summ       #.......     100%        4    #####..
 Summon Lightning Spire   Summ/Air       #.......     100%        4    #####..
 Metabolic Englaciation   Hex/Ice        #.........   100%        5    ######.
 Summon Forest            Summ/Tloc      #.........   100%        5    ######.
 Summon Mana Viper        Hex/Summ       #.......     100%        5    ######.
 Yara's Violent Unravell  Hex/Tmut       #.........   100%        5    ######.
 Freezing Cloud           Conj/Ice/Air   #.........   100%        6    #######
 Ring of Flames           Chrm/Fire      #.........   100%        7    #######
 Summon Hydra             Summ           #.........   100%        7    #######


Dungeon Overview and Level Annotations

Branches:
Dungeon (15/15)            Temple (1/1) D:7            Lair (6/6) D:8
  Swamp (0/4) Lair:4        Snake (0/4) Lair:4        Slime (0/5) Lair:5
    Orc (2/2) D:9             Elf (3/3) Orc:2        Vaults (0/5) D:14
 Depths (0/5) D:15

Altars:
Cheibriados
Dithmenos
Fedhas
Gozag
Hepliaklqana
Kikubaaqudgha
Makhleb
Nemelex Xobeh
Qazlal
Sif Muna
Trog
Uskayaw
Vehumet
Yredelemnul
Zin
The Shining One
Beogh
Jiyva

Shops:
D:6 (   Orc:2 !(![   Elf:1 }(:!   Elf:2 [

Annotations:
D:10 Harold
Lair:4 exclusion: oklob plant


Message History

Your soul eater hits the crystal guardian but does no damage.
The crystal guardian fires a crystalline bolt at you.
The crystal bolt burns the crystal guardian.
The crystal guardian completely resists.
The crystal bolt misses you.
Your soul eater hits the crystal guardian but does no damage.
The crystal guardian fires a crystalline bolt at your soul eater.
The crystal bolt freezes your soul eater!
Your soul eater resists.
Your soul eater hits the crystal guardian.
The crystal guardian glitters, brittle, in the dim dungeon light.
You see here a +3 hand axe of venom.
There is a large open door, spattered with blood here.
There is a large open door here.
The crystal guardian fires a crystalline bolt at you.
The crystal bolt burns you!!!
* * * LOW HITPOINT WARNING * * *
The crystal guardian fires a crystalline bolt at you.
The crystal bolt freezes you!!!
You die...

#3# ##8# #..# #######
###.## ##.....## #...#
##.......## #...#
##.........##
####..3#####...........#
#....P.8..##........<..#
#...P(P..8''.@.........#
#....P....##...........#
####...#####...........#
#...# ##.........###
#...# ##.......###.#
##+## ##.....###.##
###+####.## #.. .#


You could see 2 crystal guardians and a friendly soul eater.

Vanquished Creatures
  Nikola (Elf:2)
  Rupert (Lair:5)
  Jorgrun (D:15)
  A deep elf blademaster (Elf:2)
  Donald (Elf:2)
  A deep elf sorcerer (Elf:2)
  A juggernaut zombie (D:15)
  An orc warlord (D:9)
  A deep elf elementalist (Elf:2)
  A stone giant (Orc:1)
  Azrael (D:14)
  2 deep elf annihilators
  Josephine (D:14)
  A deep elf high priest (Elf:1)
  2 fire dragons (D:14)
  10 hydras
  3 catoblepae (Lair:6)
  10 two-headed ogres
  Erica (D:11)
  3 centaur warriors
  A death knight (D:15)
  24 dancing weapons
  10 death yaks (Lair:6)
  An alligator (Lair:6)
  2 orc high priests
  2 ogre magi (Orc:1)
  Urug (Lair:5)
  Nergalle (Lair:2)
  9 deep elf knights
  2 skeletal warriors (D:15)
  7 deep elf archers
  2 deep trolls
  A flayed ghost (D:15)
  A wizard (D:11)
  Pikel (D:5)
  A tengu zombie (D:15)
  A wolf spider (D:15)
  7 orc sorcerers
  31 deep elf magi
  2 ugly things
  4 manticores
  6 cyclopes
  6 elephants
  5 black mambas
  3 torpor snails
  9 spiny frogs
  A centaur skeleton (D:15)
  A yaktaur (D:15)
  A spriggan zombie (D:15)
  2 rime drakes
  An efreet (D:15)
  7 komodo dragons
  4 kobold demonologists
  13 trolls
  A merfolk (D:9)
  A hornet (D:14)
  4 polar bears
  14 dream sheep
  10 blink frogs
  7 slime creatures
  Prince Ribbit (D:8)
  8 hippogriffs
  An ice dragon zombie (D:15)
  A shadow (D:11)
  7 wraiths
  59 yaks
  2 air elementals
  4 wyverns
  4 water elementals
  4 fire bats (Lair:1)
  4 basilisks
  9 fire elementals
  Grum (Lair:1)
  6 vampire mosquitoes (D:13)
  4 steam dragons
  Edmund (D:6)
  Menkaure (D:6)
  A warg (Orc:2)
  An acid dragon (D:15)
  A soldier ant (D:11)
  14 water moccasins
  8 porcupines
  3 hell hounds (D:14)
  2 black bears
  4 sky beasts
  5 phantoms
  20 orc warriors
  3 hornet zombies
  4 ice beasts
  30 ogres
  7 wolves (Lair:1)
  13 centaurs
  13 crocodiles
  4 big kobolds
  20 bullfrogs
  2 gnoll sergeants
  An earth elemental (Elf:2)
  A wyvern skeleton (D:11)
  4 scorpions
  10 killer bees
  A wight (D:11)
  An electric eel (Lair:2)
  A howler monkey (D:12)
  2 lava snakes (Lair:1)
  5 crimson imps
  2 bullfrog zombies
  4 centaur zombies
  A quasit (D:7)
  2 hounds
  12 orc priests
  4 jellies
  A bullfrog skeleton (D:7)
  6 iguanas
  19 orc wizards
  Natasha (thrice) (D:4)
  A hell rat (D:7)
  12 worker ants
  A killer bee zombie (D:7)
  4 hound skeletons
  A worker ant zombie (D:8)
  16 adders
  16 gnolls
  6 river rats (D:7)
  2 shadow imps
  An adder zombie (D:8)
  2 oozes
  2 adder skeletons
  2 worms (D:2)
  4 dart slugs
  4 leopard geckos
  73 orcs
  5 ball pythons
  4 giant cockroaches
  6 goblins
  8 hobgoblins
  10 jackals
  8 kobolds
  8 quokkas
  6 bats
  3 frilled lizards
  A jackal skeleton (D:5)
  2 jackal zombies (D:8)
  A leopard gecko zombie (D:7)
  A quokka skeleton (D:6)
  19 rats
832 creatures vanquished.

Vanquished Creatures (collateral kills)
  A centaur warrior (D:15)
  A dancing weapon (Elf:2)
  2 deep elf magi (Elf:2)
  A black bear (Lair:2)
5 creatures vanquished.

Vanquished Creatures (others)
  A necromancer (D:15)
  A deep elf mage (Elf:2)
  A slave (D:5)
  An ice beast (D:5)
  2 orc wizards
  A ball lightning (Elf:2)
  5 orcs
  A fire vortex (Lair:1)
  4 fungi
  2 plants
  A withered plant (D:15)
20 creatures vanquished.

Grand Total: 857 creatures vanquished

Notes
Turn   | Place    | Note
-------+----------+-------------------------------------------
     0 | D:1      | zhovat1 the Hill Orc Fighter began the quest for the Orb.
     0 | D:1      | Reached XP level 1. HP: 19/19 MP: 1/1
   240 | D:1      | Reached XP level 2. HP: 27/27 MP: 2/2
   824 | D:1      | Reached XP level 3. HP: 32/33 MP: 3/3
  1391 | D:2      | Reached skill level 1 in Dodging
  1517 | D:2      | Reached XP level 4. HP: 27/40 MP: 4/4
  2524 | D:3      | Reached XP level 5. HP: 18/46 MP: 5/5
  2748 | D:2      | Found a burning altar of Makhleb.
  2750 | D:2      | Noticed a green death
  2752 | D:2      | Found a glowing silver altar of Zin.
  2753 | D:2      | Noticed an angel
  3350 | D:3      | Found a glowing golden altar of the Shining One.
  3933 | D:4      | Noticed Natasha
  3936 | D:4      | Noticed a phantom
  3944 | D:4      | Killed Natasha
  3944 | D:4      | Reached XP level 6. HP: 42/53 MP: 6/6
  3960 | D:4      | Noticed Natasha
  3966 | D:4      | Killed Natasha
  3969 | D:4      | Killed a phantom
  4013 | D:4      | Noticed Natasha
  4021 | D:4      | Killed Natasha
  4657 | D:4      | Reached skill level 5 in Maces & Flails
  4657 | D:4      | Reached XP level 7. HP: 53/60 MP: 7/7
  5046 | D:5      | Entered Level 5 of the Dungeon
  5132 | D:5      | Reached skill level 5 in Fighting
  5821 | D:5      | Noticed Pikel
  6086 | D:5      | Killed Pikel
  6086 | D:5      | Reached skill level 5 in Armour
  6086 | D:5      | Reached skill level 5 in Shields
  6086 | D:5      | Reached XP level 8. HP: 46/70 MP: 8/8
  6699 | D:6      | Noticed Menkaure
  6718 | D:6      | Killed Menkaure
  7371 | D:6      | Reached XP level 9. HP: 70/78 MP: 9/9
  7642 | D:6      | Reached skill level 1 in Evocations
  8315 | D:6      | Noticed Edmund
  8317 | D:6      | Found a deep blue altar of Sif Muna.
  8374 | D:6      | Killed Edmund
  8572 | D:6      | Found Detibb's Weapon Shoppe.
  9296 | D:7      | Found the +2 ratskin cloak {+Rats rPois rN+ Str-1 Int-1
                  | Dex+1}
  9875 | D:7      | Found a staircase to the Ecumenical Temple.
  9894 | Temple   | Entered the Ecumenical Temple
  9909 | Temple   | Became a worshipper of Uskayaw the Reveler
 10002 | D:7      | Reached * piety under Uskayaw
 10015 | D:7      | Reached ** piety under Uskayaw
 10040 | D:7      | Reached XP level 10. HP: 53/86 MP: 11/11
 10294 | D:7      | Found a hazy altar of Hepliaklqana.
 10365 | D:7      | Found a snail-covered altar of Cheibriados.
 10910 | D:8      | Reached skill level 1 in Invocations
 10910 | D:8      | Reached *** piety under Uskayaw
 10912 | D:8      | Reached **** piety under Uskayaw
 11295 | D:8      | Reached ***** piety under Uskayaw
 11461 | D:8      | Noticed Prince Ribbit
 11529 | D:8      | Killed Prince Ribbit
 11655 | D:8      | Found a staircase to the Lair.
 12142 | D:9      | Found a staircase to the Orcish Mines.
 13749 | D:9      | Found an opulent altar of Gozag.
 13751 | D:9      | Found a stormy altar of Qazlal.
 13910 | D:10     | Entered Level 10 of the Dungeon
 14144 | D:10     | Noticed a centaur warrior
 14156 | D:10     | Killed a centaur warrior
 14156 | D:10     | Reached skill level 10 in Maces & Flails
 14156 | D:10     | Reached skill level 5 in Dodging
 14156 | D:10     | Reached skill level 5 in Invocations
 14156 | D:10     | Reached XP level 11. HP: 78/95 MP: 13/15
 14260 | D:10     | Noticed Harold
 15337 | D:11     | Reached ****** piety under Uskayaw
 15974 | D:11     | Noticed a cyclops
 15988 | D:11     | Noticed Erica
 15993 | D:11     | Killed a cyclops
 16020 | D:11     | Killed Erica
 16021 | D:11     | Noticed a manticore
 16028 | D:11     | Killed a manticore
 16147 | D:11     | Noticed a wizard
 16147 | D:11     | Noticed a cyclops
 16147 | D:11     | Noticed a six-headed hydra
 16149 | D:11     | Noticed a manticore
 16156 | D:11     | Killed a wizard
 16156 | D:11     | Reached skill level 5 in Evocations
 16164 | D:11     | Killed a six-headed hydra
 16165 | D:11     | Reached XP level 12. HP: 93/104 MP: 15/17
 16198 | D:11     | Identified The Advanced Guide to Sorcery
 16400 | D:11     | Found a bloodstained altar of Trog.
 17286 | D:12     | Noticed an eight-headed hydra
 17296 | D:12     | Killed an eight-headed hydra
 17667 | D:12     | Found a shadowy altar of Dithmenos.
 18046 | D:12     | HP: 5/105 [very large slime creature (54)]
 18964 | Lair:1   | Entered Level 1 of the Lair of Beasts
 18986 | Lair:1   | Noticed Grum
 19012 | Lair:1   | Killed Grum
 19605 | Lair:1   | Reached skill level 10 in Fighting
 20594 | Lair:1   | Identified a scroll of acquirement
 20595 | Lair:1   | Got a twisted eveningstar
 20596 | Lair:1   | Identified the +0 eveningstar of the Inferno {antimagic,
                  | rElec Dex+3} (You acquired it on level 1 of the Lair of
                  | Beasts)
 20642 | Lair:2   | Noticed Nergalle
 20661 | Lair:3   | Reached XP level 13. HP: 55/114 MP: 6/19
 21070 | Lair:2   | Killed Nergalle
 21252 | Lair:2   | Found a dark tunnel.
 23635 | Lair:4   | Reached skill level 10 in Armour
 23636 | Lair:4   | Reached skill level 10 in Shields
 24028 | Lair:4   | Found a staircase to the Swamp.
 24564 | Lair:4   | Found a staircase to the Snake Pit.
 24661 | Lair:4   | Reached skill level 10 in Invocations
 24661 | Lair:4   | Reached XP level 14. HP: 126/126 MP: 7/21
 25393 | D:13     | Reached XP level 15. HP: 126/133 MP: 7/22
 25954 | D:13     | Got a faintly humming scale mail
 25967 | D:13     | Identified the +4 scale mail of Indomitability {rElec rC-
                  | rN+ Regen+} (You found it on level 13 of the Dungeon)
 26257 | D:14     | Found a gate to the Vaults.
 26295 | D:14     | Noticed Josephine
 26313 | D:14     | Killed Josephine
 26395 | D:14     | Noticed Azrael
 26411 | D:14     | Killed Azrael
 26457 | D:14     | Found a frozen archway.
 27302 | D:15     | Entered Level 15 of the Dungeon
 27314 | D:15     | Noticed Jorgrun
 27333 | D:15     | Killed Jorgrun
 27606 | D:15     | Found a staircase to the Depths.
 28582 | Lair:3   | Paralysed by fainting for 7 turns
 28956 | Lair:5   | Noticed Urug
 28969 | Lair:5   | Killed Urug
 29064 | Lair:5   | Found a staircase to the Slime Pits.
 29064 | Lair:5   | Found a viscous altar of Jiyva.
 29184 | Lair:5   | Noticed Rupert
 29205 | Lair:5   | Killed Rupert
 29617 | Lair:6   | Entered Level 6 of the Lair of Beasts
 29947 | Lair:6   | Reached XP level 16. HP: 113/145 MP: 8/24
 32128 | Orc:1    | Entered Level 1 of the Orcish Mines
 32511 | D:9      | Reached skill level 15 in Maces & Flails
 33029 | Orc:1    | Got a brightly glowing chain mail
 33040 | Orc:1    | Identified the +8 chain mail of Ishyfir {rN+} (You found it
                  | on level 1 of the Orcish Mines)
 33056 | Orc:2    | Entered Level 2 of the Orcish Mines
 33057 | Orc:2    | Found Korejuup's Armour Emporium.
 34584 | Orc:2    | Found Poobuqod's Antique Weapon Boutique.
 34869 | Orc:2    | Found Uceog's Distillery.
 34876 | Orc:2    | Bought the +2 helmet "Jegg" {MR++} for 388 gold pieces
 34894 | Orc:2    | Found Oqoisem's Distillery.
 34970 | Orc:2    | Reached XP level 17. HP: 154/154 MP: 8/26
 35105 | Orc:2    | Found a roughly hewn altar of Beogh.
 35107 | Orc:2    | Found a staircase to the Elven Halls.
 35289 | Elf:1    | Entered Level 1 of the Elven Halls
 35300 | Elf:1    | Reached skill level 15 in Fighting
 36476 | Elf:1    | Found Ninerhaiz's Book Boutique.
 36476 | Elf:1    | Found Oletz's Weapon Shop.
 36477 | Elf:1    | Found Pyda's Distillery.
 36479 | Elf:1    | Found Gopirche's Gadget Shop.
 36946 | Elf:1    | Identified the Tome of Supportive Confrontation
 37093 | Elf:1    | Bought the +5 demon whip "Spellbinder" {antimagic, MR+} for
                  | 908 gold pieces
 37093 | Elf:1    | Found the +5 demon whip "Spellbinder" {antimagic, MR+}
 37254 | Elf:2    | Noticed Donald
 37258 | Elf:2    | Reached skill level 10 in Evocations
 37276 | Elf:2    | Killed Donald
 37638 | Elf:2    | Found Oqaaps's Antique Armour Boutique.
 38289 | Elf:2    | Found a huge runed translucent gate.
 38289 | Elf:2    | Found a huge runed translucent gate.
 38303 | Elf:2    | Found a huge runed translucent gate.
 38463 | Elf:2    | Found a huge runed translucent gate.
 38463 | Elf:2    | Found a huge runed translucent gate.
 38942 | Elf:2    | Noticed a deep elf blademaster
 38980 | Elf:2    | Killed a deep elf blademaster
 39308 | Elf:2    | Reached XP level 18. HP: 153/166 MP: 4/27
 39310 | Elf:2    | Noticed Nikola
 39321 | Elf:2    | Killed Nikola
 39704 | Elf:3    | Entered Level 3 of the Elven Halls
 39767 | Elf:3    | Killed from afar by a crystal guardian

Skill      XL: |  1  2  3  4  5  6  7  8  9 10 11 12 13 14 15 16 17 |
---------------+----------------------------------------------------+-----
Maces & Flails | 3 4 5 6 7 8 10 11 12 13 14 15 16 | 16.0
Fighting       | 4 5 6 7 8 9 10 12 13 14 16 | 16.2
Dodging        | 1 2 3 4 5 6 7 8 9 |  9.7
Shields        | 4 5 6 7 8 9 10 11 12 | 12.7
Armour         | 4 5 6 7 8 9 10 11 12 | 12.6
Evocations     | 2 4 5 6 7 8 9 10 | 10.4
Invocations    | 5 7 8 10 11 12 13 | 13.3

Action                   |  1- 3 |  4- 6 |  7- 9 | 10-12 | 13-15 | 16-18 || total
-------------------------+-------+-------+-------+-------+-------+-------++-------
Melee: Flail             |    79 |       |       |       |       |       ||    79
       Whip              |    99 |   151 |   475 |  1217 |       |       ||  1942
       Mace              |       |   104 |   141 |       |       |       ||   245
       Eveningstar       |       |       |       |    19 |  1036 |   893 ||  1948
       Demon whip        |       |       |       |       |       |   252 ||   252
Invok: Stomp             |       |       |       |     1 |     1 |     2 ||     4
       Line Pass         |       |       |       |       |     2 |     1 ||     3
 Abil: Evoke Ratskin     |       |       |       |       |     2 |       ||     2
  Use: Scroll            |       |    15 |     5 |    18 |    11 |     3 ||    52
       Potion            |       |     3 |     5 |     3 |     9 |     6 ||    26
 Stab: Paralysed         |       |       |       |    65 |    62 |    94 ||   221
       Distracted        |       |       |       |       |     2 |       ||     2
  Eat: Chunk             |     2 |    10 |    16 |    27 |    18 |    29 ||   102
       Ration            |       |       |     1 |     2 |     4 |     1 ||     8
Armor: Scale mail        |    76 |   120 |   186 |    33 |   140 |   186 ||   741
       Skin              |       |       |    14 |       |       |       ||    14
       Plate armour      |       |       |       |   389 |   291 |       ||   680
       Chain mail        |       |       |       |       |       |   323 ||   323
Dodge: Dodged            |    52 |    89 |   162 |   182 |   236 |   393 ||  1114
Block: Shield            |   105 |   129 |   283 |   153 |       |       ||   670
       Large shield      |       |       |       |   644 |   884 |  1079 ||  2607
